Map: Terraform LE (Void)

Players

Javert

  • Race: Zerg Zerg
  • League: Grandmaster

Azrael - Winner!

  • Race: Terran Terran
  • League: Platinum

VOD

Have the link to the VOD?

Description

Time

  • Played on: Aug. 27, 2015, 8:32 p.m.
  • Length: 14:30
Show
View Real Time Build Order
Export as new Build Order

Javert Zerg 

Build Orders: Hatch First 

Get SALT Encoding   

  12  0:01  Drone  
  13  0:13  Overlord  
  13  0:20  Drone  
  14  0:33  Drone x2  
  16  0:38  Drone  
  17  0:46  Drone  
  18  0:57  Hatchery  
  18  0:59  Extractor  
  18  1:02  Drone  
  17  1:10  Drone  
  18  1:21  Spawning Pool  
  18  1:22  Drone  
  18  1:32  Drone  
  19  1:40  Drone  
  20  1:52  Drone  
  21  2:02  Overlord  
  21  2:08  Metabolic Boost, Queen  
  21  2:10  Queen  
  21  2:13  Overlord  
  25  2:19  Overlord  
  25  2:22  Drone  
  27  2:37  Zergling x6  
  29  2:45  Drone x2  
  31  2:54  Drone  
  32  3:02  Drone  
  33  3:06  Queen  
  33  3:10  Hatchery  
  36  3:12  Drone x2  
  36  3:23  Drone x4  
  40  3:34  Drone x3  
  40  3:44  Drone x2  
  42  3:53  Overlord x2, Roach Warren  
  42  3:54  Drone, Extractor  
  42  3:55  Drone  
  42  4:06  Drone x2  
  44  4:18  Spore Crawler  
  44  4:19  Spine Crawler  
  42  4:42  Roach x7, Extractor  
  42  4:43  Extractor  
  42  4:44  Queen x2  
  58  4:47  Drone x2  
  58  4:48  Spore Crawler  
  59  4:59  Drone  
  60  5:01  Drone x2  
  60  5:04  Spore Crawler  
  61  5:08  Drone x5  
  66  5:23  Overlord  
  66  5:26  Spine Crawler  
  66  5:35  Drone  
  66  5:45  Spore Crawler  
  66  5:46  Spore Crawler  
  66  5:47  Ravager x7  
  71  5:51  Drone x2  
  71  5:52  Drone x2, Spore Crawler  
  71  5:53  Spore Crawler  
  71  5:57  Overlord x2  
  73  6:03  Overlord  
  73  6:09  Overlord x2  
  73  6:18  Drone  
  74  6:27  Drone x6  
  74  6:28  Drone x3  
  74  6:29  Lair  
  80  6:46  Drone  
  72  6:47  Drone x6  
  72  6:52  Roach x3  
  75  7:10  Roach x3  
  75  7:13  Drone x2  
  75  7:14  Drone x3  
  83  7:18  Overlord  
  83  7:21  Overlord, Queen x2  
  82  7:40  Drone x3  
  82  7:41  Drone  
  82  7:43  Extractor  
  85  7:44  Spire, Queen, Extractor  
  85  7:48  Drone x6  
  91  7:52  Glial Reconstitution  
  91  7:54  Baneling Nest  
  91  7:56  Queen x2  
  94  7:59  Drone x3, Overlord x2  
  97  8:12  Overlord  
  97  8:17  Evolution Chamber  
  96  8:20  Evolution Chamber  
  96  8:22  Hatchery  
  94  8:33  Zergling x2  
  94  8:34  Zergling x22  
  97  8:39  Centrifical Hooks  
  106  8:44  Infestation Pit  
  105  9:00  Corruptor  
  105  9:01  Corruptor x5  
  117  9:05  Corruptor x2  
  117  9:09  Zergling x2  
  122  9:16  Burrow  
  122  9:18  Overlord  
  122  9:19  Overlord  
  122  9:21  Overlord x2  
  122  9:36  Infestation Pit  
  122  9:37  Roach  
  122  9:38  Roach x9  
  141  9:51  Spore Crawler  
  133  10:23  Drone x9  
  133  10:24  Drone x4  
  146  10:32  Hive  
  146  10:33  Zerg Missile Weapons Level 1, Zerg Ground Armor Level 1  
  146  10:36  Hydralisk Den  
  146  10:40  Roach  
  146  10:41  Roach x6  
  118  11:16  Roach x3  
  118  11:17  Roach x8  
  116  11:28  Roach x4  
  116  11:29  Roach x8  
  140  11:36  Spore Crawler  
  132  11:43  Muscular Augments  
  122  11:49  Extractor  
  122  11:50  Hydralisk x6  
  122  11:51  Hydralisk  
  122  11:53  Hatchery  
  133  11:55  Extractor  
  125  12:05  Ravager x5  
  125  12:06  Corruptor x6  
  100  12:36  Roach x6  
  100  12:37  Roach x3  
  103  12:42  Roach x3  
  95  13:11  Queen x2  
  99  13:21  Hatchery  
  99  13:24  Hydralisk  
  100  13:30  Hydralisk  
  100  13:31  Hydralisk x4  
  100  13:32  Hatchery  
  100  13:33  Extractor  
  108  13:36  Extractor  
Show
View Real Time Build Order
Export as new Build Order

Azrael Terran - Winner!

Build Orders: Hellion Opening, Mech 

Get SALT Encoding   

  12  0:00  SCV  
  13  0:13  SCV  
  14  0:18  Supply Depot  
  14  0:25  SCV  
  15  0:39  SCV  
  15  0:40  Barracks  
  16  0:46  Refinery  
  16  0:51  SCV  
  17  1:03  SCV  
  18  1:06  Supply Depot  
  18  1:15  SCV  
  19  1:27  Marine  
  19  1:28  SCV  
  21  1:40  SCV  
  21  1:46  Marine  
  23  1:52  Command Center  
  23  1:57  SCV  
  24  2:07  Barracks Reactor, Factory  
  24  2:18  SCV  
  25  2:30  SCV  
  26  2:42  SCV  
  27  2:54  SCV  
  28  3:04  Refinery  
  28  3:05  SCV, Refinery  
  29  3:07  Hellion x2  
  29  3:11  Starport  
  29  3:12  SCV  
  34  3:19  SCV  
  35  3:27  Supply Depot  
  35  3:28  SCV, Hellion x2  
  38  3:40  SCV  
  39  3:42  SCV  
  40  3:51  Supply Depot  
  40  3:52  Starport Reactor  
  40  3:54  Hellion x2  
  44  3:56  Armory  
  44  3:59  SCV  
  44  4:00  SCV  
  46  4:11  SCV  
  46  4:12  SCV  
  48  4:22  Hellion x2  
  52  4:24  Liberator x2  
  52  4:42  SCV  
  59  4:51  Supply Depot  
  59  4:52  Supply Depot  
  59  4:58  SCV  
  59  4:59  SCV  
  61  5:07  Liberator x2  
  61  5:08  Factory  
  61  5:13  Hellion x2  
  65  5:22  SCV  
  65  5:24  SCV  
  65  5:28  Supply Depot  
  69  5:45  SCV, Hellion x2  
  75  5:50  SCV  
  75  5:54  Liberator x2  
  75  6:05  Command Center  
  78  6:12  SCV  
  78  6:14  Marine  
  78  6:17  Refinery  
  83  6:18  Supply Depot  
  83  6:19  Supply Depot  
  83  6:23  Hellion  
  68  6:58  Liberator x2  
  68  7:15  Hellbat x2  
  76  7:16  SCV  
  76  7:18  Factory Tech Lab  
  76  7:20  Factory x2  
  70  7:42  Refinery  
  70  7:43  Hellbat x2  
  74  7:45  Siege Tank  
  74  7:46  SCV, Terran Vehicle Weapons Level 1  
  74  7:50  Command Center  
  74  7:51  Liberator x2  
  78  7:56  SCV  
  79  8:02  Engineering Bay  
  79  8:05  SCV x2  
  81  8:06  Factory Tech Lab  
  81  8:09  SCV  
  88  8:14  Factory Tech Lab  
  88  8:16  Hellbat x2  
  88  8:17  SCV  
  94  8:21  SCV, Refinery  
  95  8:29  Planetary Fortress  
  94  8:45  Siege Tank x2  
  94  8:46  Siege Tank  
  94  8:47  SCV  
  94  8:48  SCV  
  105  8:56  Liberator  
  109  9:02  Hellbat  
  109  9:03  Hellbat  
  109  9:06  Armory  
  109  9:14  Command Center  
  109  9:15  SCV  
  113  9:23  Siege Tank  
  116  9:29  Siege Tank  
  119  9:37  Missile Turret  
  119  9:45  Siege Tank  
  122  9:46  SCV  
  122  9:59  Hellbat x2  
  127  10:00  SCV  
  127  10:16  Thor  
  127  10:18  Viking  
  127  10:19  Viking  
  132  10:25  Thor, Orbital Command  
  132  10:27  Orbital Command  
  132  10:28  Terran Vehicle Weapons Level 2, Terran Vehicle And Ship Armor Level 1  
  137  10:50  Viking x2  
  126  11:15  Thor x2  
  134  11:35  Thor  
  134  11:37  Planetary Fortress  
  134  11:38  SCV x2  
  142  11:54  Viking  
  142  11:55  Viking  
  142  11:58  Refinery  
  142  11:59  Refinery  
  142  12:00  Missile Turret  
  146  12:08  Thor, Hellbat x2  
  136  12:26  SCV  
  136  12:28  Widow Mine  
  122  12:44  Viking x2  
  122  12:45  SCV  
  127  13:03  Thor x2  
  127  13:05  Siege Tank  
  138  13:07  SCV, Hellbat x2  
  130  13:16  SCV, Viking x2  
  126  13:20  Planetary Fortress  
  126  13:21  SCV  
  127  13:38  Siege Tank  
  130  13:52  SCV  
  131  13:59  Missile Turret  
  131  14:08  SCV  
  131  14:14  SCV  
Tags
 
Add a new tag
Caveats
  • Supply blocks, unpowered buildings, or Contaminate may cause inaccurate times.
  • Supply counts are checked every 10 seconds.